 Dungeon Crawl Stone Soup version 0.27.0-1-g7a089689b8 (webtiles) character file.

Game seed: 10485070673499817397

10 Sobieck the Grasshopper (level 2, 0/23 HPs)
             Began as a Palentonga Warper on Aug 5, 2021.
             Slain by a kobold (3 damage)
             ... on level 1 of the Dungeon.
             The game lasted 00:00:52 (490 turns).

Sobieck the Grasshopper (Palentonga Warper)          Turns: 490, Time: 00:00:52

Health: 0/23       AC:  4    Str: 14    XL:     2   Next: 10%
Magic:  5/5        EV:  9    Int: 13    God:
Gold:   9          SH:  0    Dex:  9    Spells: 5/5 levels left

rFire    . . .     SeeInvis +   a - +0 hand axe {axe}
rCold    . . .     Faith    .   (no shield)
rNeg     . . .     Spirit   .   b - +0 leather armour
rPois    .         Reflect  .   (no helmet)
rElec    .         Harm     .   (no cloak)
rCorr    .         Rampage  .   (no gloves)
Will     .....                  (no barding)
Stlth    +.........             (no amulet)
HPRegen  0.07/turn              (no ring)
MPRegen  0.09/turn              (no ring)

@: no status effects
A: large, rugged brown scales 3, see invisible, deformed body, roll 1, armoured
tail
a: Rolling Charge


You were on level 1 of the Dungeon.
You visited 1 branch of the dungeon, and saw 1 of its levels.

You collected 9 gold pieces.


Innate Abilities, Weirdness & Mutations

You are completely covered in rugged brown scales. (AC +3, +7% HP)
You have supernaturally acute eyesight. (SInv)
Armour fits poorly on your strangely shaped body.
You can roll at nearby foes to attack.
You have a long armoured tail.


   Skills:
 - Level 2.0 Fighting
 * Level 2.6 Axes
 - Level 0.6 Throwing
 - Level 0.7 Armour
 - Level 1.5 Dodging
 - Level 2.0 Spellcasting
 + Level 3.2 Translocations


You had 5 spell levels left.
You didn't know any spells.
Your spell library contained the following spells:

 Spells                   Type           Power      Damage    Failure   Level
 Blink                    Tloc           N/A        N/A       13%         2
 Gell's Gravitas          Tloc           4%         N/A       26%         3
 Lesser Beckoning         Tloc           4%         N/A       26%         3
 Teleport Other           Tloc           9%         N/A       26%         3
 Manifold Assault         Tloc           9%         N/A       94%         5

Inventory:

Hand Weapons
 a - a +0 hand axe (weapon) {axe}
Missiles
 d - 5 boomerangs of dispersal (quivered) {=f!fthrowing}
 e - 14 stones {throwing}
Armour
 b - a +0 leather armour (worn)
Scrolls
 c - a scroll of blinking {!r}
 f - a scroll of immolation {unknown}

Dungeon Overview and Level Annotations

Branches:
Dungeon (1/15)

Altars:

#.#.†.....#
#.........#
###..#..... #
#..# #### #
#..# # #..# # #
#..#.#### #
######g.......
#
#...@Kr.#.####
# #.#######.#
########## #.#
# .........#
#.#
######.#.####.#
..# ##.....##.#
#.###..###.##.#
#......# #....#
#####..###.####


You could see a quokka, a hobgoblin and a kobold.


Message History

You roll forward with a clatter of scales!
You hit the giant cockroach. The giant cockroach closely misses you.
Unknown command.
You hit the giant cockroach.
You kill the giant cockroach!
No target in view!
You see here a giant cockroach corpse.
f - a scroll labelled BISODD YTTEANY Unknown command.
A hobgoblin comes into view.
The hobgoblin shouts!
Danger!
Roll where?
Press: ? - help, Dir - move target, f - hobgoblin
Aim: a hobgoblin You roll forward with a clatter of scales!
A kobold comes into view. It is wielding a +0 dagger.
The kobold shouts!
You hit the hobgoblin.
A hobgoblin comes into view.
The hobgoblin hits you.
Unknown command.
Roll where?
Press: ? - help, Dir - move target, f - hobgoblin, p - hobgoblin
Aim: a hobgoblin You roll forward with a clatter of scales!
You closely miss the hobgoblin. You tail-slap the hobgoblin.
You barely miss the hobgoblin.
You hear a shout!
The hobgoblin hits you but does no damage.
The hobgoblin hits you. The hobgoblin closely misses you.
Roll where?
Press: ? - help, Dir - move target, f - kobold, p - hobgoblin
Aim: a kobold, wielding a +0 dagger You roll forward with a clatter of scales!
You closely miss the kobold. The kobold hits you but does no damage.
You hit the hobgoblin but do no damage. You closely miss the kobold.
The kobold hits you with a +0 dagger. The hobgoblin barely misses you.
You closely miss the hobgoblin.
Your tail-slap misses the hobgoblin.
You barely miss the kobold. You hit the hobgoblin but do no damage.
The hobgoblin barely misses you. The kobold hits you with a +0 dagger.
The hobgoblin hits you. The kobold hits you but does no damage.
The hobgoblin hits you.
You are too injured to fight recklessly!
You are too injured to fight recklessly!
Unknown command.
You hit the hobgoblin.
You kill the hobgoblin!
You barely miss the kobold. You barely miss the hobgoblin.
The hobgoblin closely misses you. The kobold closely misses you.
You have reached level 2!
You barely miss the hobgoblin. You closely miss the kobold.
The hobgoblin hits you but does no damage.
A hobgoblin comes into view.
The kobold hits you but does no damage. The hobgoblin hits you.
* * * LOW HITPOINT WARNING * * *
Unknown command.
You closely miss the kobold.
The hobgoblin shouts!
You hit the hobgoblin.
You kill the hobgoblin!
The kobold hits you but does no damage.
You hit the kobold but do no damage. The kobold misses you.
Unknown command.
You barely miss the kobold. The kobold hits you but does no damage.
The kobold misses you.
Unknown command.
You closely miss the kobold. The kobold hits you but does no damage.
You hit the kobold.
A quokka comes into view.
The kobold barely misses you.
Unknown command.
The quokka barely misses you. The quokka closely misses you. x2
Roll where?
Press: ? - help, Dir - move target, f - quokka, p - kobold
Aim: a quokka You roll forward with a clatter of scales!
You hit the quokka but do no damage. You closely miss the kobold.
The quokka closely misses you. The kobold barely misses you.
The hobgoblin hits you but does no damage.
The quokka bites you but does no damage.
Unknown command.
You hit the hobgoblin but do no damage. You barely miss the kobold.
You miss the quokka. The kobold barely misses you.
The quokka closely misses you. The hobgoblin closely misses you.
Unknown command.
You closely miss the hobgoblin. You hit the quokka.
You hit the kobold but do no damage. The quokka completely misses you.
The kobold hits you with a +0 dagger.
* * * LOW HITPOINT WARNING * * *
The hobgoblin hits you but does no damage.
The kobold hits you with a +0 dagger.
* * * LOW HITPOINT WARNING * * *
The quokka bites you.
* * * LOW HITPOINT WARNING * * *
You hit the kobold but do no damage. The kobold hits you but does no damage.
You hit the kobold. The kobold hits you but does no damage.
The kobold hits you with a +0 dagger.
You die...

Action                   || total
-------------------------++-------
Melee: Hand axe          ||    47
       Tailslap          ||     3
 Abil: Rolling Charge    ||     5
Armor: Leather armour    ||    23
Dodge: Dodged            ||    39

Levels and vault maps discovered:
D:1:      minmay_arrival_diagonal_passages, layout_loops_ring,
          minmay_close_crescents

Notes
Turn   | Place    | Note
-------+----------+-------------------------------------------
     0 | D:1      | Sobieck the Palentonga Warper began the quest for the Orb.
     0 | D:1      | Reached XP level 1. HP: 17/17 MP: 3/3
   470 | D:1      | Reached XP level 2. HP: 13/23 MP: 5/5
   485 | D:1      | HP: 3/23 [quokka (3)]
   490 | D:1      | Slain by a kobold

Vanquished Creatures
  A giant cockroach (D:1)
  2 hobgoblins (D:1)
  4 jackals (D:1)
  A frilled lizard (D:1)
8 creatures vanquished.

Table legend:
 A = Non-vault XP
 B = Vault XP
 C = Vault XP percentage of total XP
 D = Non-vault monster count
 E = Vault monster count
 F = Vault count percentage of total count
                 A         B        C        D         E       F
            +---------+---------+-------+---------+---------+-------
      Total |      15 |       0 |   0.0 |       8 |       0 |   0.0
            +---------+---------+-------+---------+---------+-------
        D:1 |      15 |       0 |   0.0 |       8 |       0 |   0.0
            +---------+---------+-------+---------+---------+-------

Illustrated notes

Table legend:
 A = Kills in this place as a percentage of kills in entire the game.
 B = Kills by you in this place as a percentage of kills by you in the entire game.
 C = Kills by friends in this place as a percentage of kills by friends in the entire game.
 D = Other kills in this place as a percentage of other kills in the entire game.
 E = Experience gained in this place as a percentage of experience gained in the entire game.
 F = Experience gained in this place divided by the number of levels of this place that you have seen.
                   A       B       C       D       E      F
               +-------+-------+-------+-------+-------+----------------------
         Total | 100.0 | 100.0 |   N/A |   N/A | 100.0 |  15.0
       Dungeon | 100.0 | 100.0 |   N/A |   N/A | 100.0 |  15.0
               +-------+-------+-------+-------+-------+----------------------

Table legend: (Time is in decaauts)
 A = Elapsed time spent in this place.
 B = Non-inter-level travel time spent in this place.
 C = Inter-level travel time spent in this place.
 D = Time resting spent in this place.
 E = Time spent auto-exploring this place.
 F = Levels seen in this place.
 G = Mean time per level.
                   A        B        C        D        E       F      G
               +--------+--------+--------+--------+--------+-----+--------+
         Total |    498 |    498 |      0 |    220 |    205 |   1 |  498.0 |
       Dungeon |    498 |    498 |      0 |    220 |    205 |   1 |  498.0 |
               +--------+--------+--------+--------+--------+-----+--------+

Top non-repeatable levels by time:
     D:1: 498 daAuts
